 Dungeon Crawl Stone Soup version 0.30.1-9-gdf580d7c3d (webtiles) character file.

Game seed: 12464696022242135142

805 lonewolfV2 the Cleaver (level 7, -4/61 HPs)
             Began as a Minotaur Fighter on Oct 17, 2023.
             Slain by a scorpion simulacrum (10 damage)
             ... on level 4 of the Dungeon.
             The game lasted 00:04:54 (2960 turns).

lonewolfV2 the Cleaver (Minotaur Fighter)           Turns: 2960, Time: 00:04:55

Health: -4/61      AC:  7    Str: 22    XL:     7   Next: 60%
Magic:  6/6        EV:  9    Int:  0    God:
Gold:   190        SH:  5    Dex: 10    Spells: 6/6 levels left

rFire   . . .        e - +6 broad axe of Cinkoxt {freeze, rElec rN+ Int-5}
rCold   . . .        c - +0 buckler
rNeg    + . .        b - +0 scale mail
rPois   .            (helmet restricted)
rElec   +            (no cloak)
rCorr   .            (no gloves)
SInv    +            (no boots)
Will    .....        l - amulet of faith Stlth
                     m - ring of see invisible
HPRegen 0.30/turn    (no ring)
MPRegen 0.10/turn

%: faith
@: mighty, lethally poisoned (-4 -> -8), slowed, lost intelligence, unable to
read, very slow
A: horns 2, retaliatory headbutt
a: no special abilities


You were on level 4 of the Dungeon.
You visited 1 branch of the dungeon, and saw 4 of its levels.

You collected 190 gold pieces.

Inventory:

Hand Weapons
 a - a +0 war axe
 e - the +6 broad axe of Cinkoxt (weapon) {freeze, rElec rN+ Int-5}
   (You acquired it on level 1 of the Dungeon)

   Int:       It affects your intelligence (-5).
   rElec:     It insulates you from electricity.
   rN:        It protects you from negative energy.
Armour
 b - a +0 scale mail (worn)
 c - a +0 buckler (worn)
Jewellery
 l - an amulet of faith (around neck)
 m - a ring of see invisible (left hand)
Wands
 x - a wand of flame (28)
Scrolls
 f - 6 scrolls of identify {unknown}
 g - a scroll of immolation {unknown}
 i - 2 scrolls of fog {unknown}
 k - a scroll of teleportation {unknown}
 o - 3 scrolls of blinking {unknown}
 q - 2 scrolls of magic mapping {unknown}
 t - 2 scrolls of enchant weapon {unknown}
 v - a scroll of butterflies {unknown}
 y - a scroll of noise {unknown}
 C - a scroll of silence {unknown}
Potions
 d - 3 potions of might
 h - 2 potions of lignification {unknown}
 j - a potion of haste {unknown}
 n - 2 potions of curing {unknown}
 p - a potion of heal wounds {unknown}
 r - a potion of magic {unknown}
 s - a potion of resistance {unknown}
 u - 2 potions of berserk rage {unknown}
 w - a potion of cancellation {unknown}
 z - a potion of attraction {unknown}
 A - a potion of flight {unknown}
 B - a potion of invisibility {unknown}
 D - a potion of brilliance {unknown}
 E - a potion of ambrosia {unknown}


   Skills:
 + Level 5.0 Fighting
 + Level 9.1 Axes
 - Level 4.1 Armour
 + Level 5.0 Shields


You had 6 spell levels left.
You didn't know any spells.
Your spell library was empty.

Dungeon Overview and Level Annotations

Branches:
Dungeon (4/15)
 Temple: D:4-7

Altars:
Cheibriados
Kikubaaqudgha
Okawaru
Xom

Shops:
D:4 (*


Innate Abilities, Weirdness & Mutations

You have a pair of horns on your head.
You reflexively headbutt those who attack you in melee.


Message History

The ice beast hits you but does no damage.
You hit the ice beast.
The ice beast is moderately wounded.
You slash mrw3rdna's ghost! You freeze mrw3rdna's ghost.
You feel very sick. The ice beast hits you. The ice beast freezes you!
Mrw3rdna's ghost completely misses you. Mrw3rdna's ghost casts a spell at you.
The sting hits you.
You are more poisoned.
You block the ice beast's attack.
You slash the ice beast! Your headbutt misses the ice beast.
The ice beast is severely wounded.
You hit mrw3rdna's ghost. You freeze mrw3rdna's ghost.
You destroy mrw3rdna's ghost!
You barely miss the hound simulacrum.
You feel very sick.
You block the hound simulacrum's attack.
The ice beast barely misses you.
The hound simulacrum bites you but does no damage.
The scorpion simulacrum hits you. The scorpion simulacrum freezes you.
* * * LOW HITPOINT WARNING * * *
The ice beast closely misses you. You furiously retaliate!
You headbutt the ice beast!
You kill the ice beast!
Your Fighting skill increases to level 5!
Your Axes skill increases to level 9!
Your Shields skill increases to level 5!
Unknown command.
You feel very mighty all of a sudden.
You feel sick.
You block the hound simulacrum's attack.
The scorpion simulacrum hits you.
* * * LOW HITPOINT WARNING * * *
The scorpion simulacrum freezes you.
* * * LOW HITPOINT WARNING * * *
The hound simulacrum barely misses you. The scorpion simulacrum hits you.
* * * LOW HITPOINT WARNING * * *
The scorpion simulacrum freezes you!
You die...

##################
###................#
#.....###'''###..#.## #
#....##..@....##....### ##
##...#..ZZ.....##.....###.
###...##..Z.......#..##.##..
##.#...#...####....##.##.####
#.....##..##$/###...#..#.....
#.#...#..# .....##..#........
#.....#..# ..=...#..#..#....#
##....#..# ..Z.Z#..##.##.#)#
#####.....##.W###....Y..
#.##.#.#


You could see an adder simulacrum, a hound simulacrum and a scorpion simulacrum.

Vanquished Creatures
  Grinder (D:3)
  The ghost of mrw3rdna the Stinger, an amateur FeVM of Vehumet (D:4)
  An ice beast (D:4)
  2 scorpions
  2 orc priests (D:3)
  A hound (D:4)
  An iguana (D:4)
  4 gnolls (D:4)
  3 adders
  6 dart slugs
  12 orcs
  A bat (D:3)
  6 endoplasms
  5 giant cockroaches
  8 goblins
  17 hobgoblins
  3 jackals (D:4)
  A kobold (D:1)
  3 quokkas
  7 ball pythons
  3 frilled lizards
  5 rats
93 creatures vanquished.

Notes
Turn   | Place    | Note
-------+----------+-------------------------------------------
     0 | D:1      | lonewolfV2 the Minotaur Fighter began the quest for the
                  | Orb.
     0 | D:1      | Reached XP level 1. HP: 19/19 MP: 0/0
    29 | D:1      | Reached XP level 2. HP: 20/27 MP: 1/1
   304 | D:1      | Reached skill level 3 in Axes
   372 | D:1      | Reached XP level 3. HP: 30/33 MP: 2/2
   600 | D:1      | Identified a scroll of acquirement
   600 | D:1      | Acquired the +6 broad axe of Cinkoxt {freeze, rElec rN+
                  | Int-5}
   602 | D:1      | Lost intelligence.
  1111 | D:3      | Noticed a scorpion
  1112 | D:3      | Reached skill level 4 in Axes
  1112 | D:3      | Reached XP level 4. HP: 40/40 MP: 3/3
  1115 | D:3      | Killed a scorpion
  1116 | D:3      | Reached skill level 5 in Axes
  1145 | D:3      | Found a snail-covered altar of Cheibriados.
  1177 | D:3      | Found an ancient bone altar of Kikubaaqudgha.
  1231 | D:3      | Noticed Grinder
  1231 | D:3      | Paralysed by Grinder for 2 turns
  1243 | D:3      | Killed Grinder
  1244 | D:3      | Reached skill level 7 in Axes
  1244 | D:3      | Reached XP level 5. HP: 36/46 MP: 4/4
  1244 | D:3      | Reached XP level 6. HP: 41/52 MP: 5/5
  1757 | D:3      | Found a shimmering altar of Xom.
  1759 | D:3      | Found an iron altar of Okawaru.
  2007 | D:4      | Found Honoamej's Gadget Gallery.
  2030 | D:4      | Lost intelligence.
  2036 | D:4      | Reached skill level 8 in Axes
  2328 | D:4      | Noticed mrw3rdna's ghost (amateur FeVM)
  2334 | D:4      | Noticed an ice beast
  2439 | D:4      | Reached XP level 7. HP: 58/59 MP: 6/6
  2497 | D:4      | Found Peptesmu's Antique Weapon Emporium.
  2526 | D:4      | Found a runed translucent gate.
  2526 | D:4      | Found a runed translucent gate.
  2526 | D:4      | Found a runed translucent gate.
  2959 | D:4      | Killed mrw3rdna's ghost
  2960 | D:4      | Reached skill level 5 in Fighting
  2960 | D:4      | Reached skill level 9 in Axes
  2960 | D:4      | Reached skill level 5 in Shields
  2960 | D:4      | Slain by a scorpion simulacrum

Illustrated notes

Levels and vault maps discovered:
D:1:      psy_arrival_conway, layout_basic
D:2:      layout_rooms
D:3:      layout_basic, jmf_multi_god_temple, kennysheep_slug_shrine,
          mainiacjoe_overflow_24_doors, uniq_grinder
D:4:      layout_cave_pools, gammafunk_ghost_icy, serial_shops,
          nicolae_shop_back_alley_shop, nicolae_hexahallways, st_stairs_13,
          nicolae_shop_gadgets

Skill      XL: |  1  2  3  4  5  6  7 |
---------------+----------------------+-----
Shields        | 4 5 |  5.0
Armour         | 4 |  4.1
Fighting       | 4 5 |  5.0
Axes           | 3 4 7 8 9 |  9.1

Action                     |  1- 3 |  4- 6 |  7- 9 || total
---------------------------+-------+-------+-------++-------
  Melee: War axe           |    56 |     7 |       ||    63
         Headbutt          |     9 |     8 |       ||    17
         Broad axe         |    23 |    57 |     7 ||    87
    Use: Scroll            |     1 |       |       ||     1
         Potion            |       |       |     1 ||     1
 Armour: Scale mail        |    46 |    52 |     5 ||   103
  Dodge: Dodged            |    39 |    42 |     8 ||    89
  Block: Buckler           |    27 |    23 |     6 ||    56
